 Dungeon Crawl Stone Soup version 0.30-a0-840-ga523dec638 (webtiles) character file.

Game seed: 8335693022042106095

40 jasper the Magician (level 3, -1/24 HPs)
             Began as a Demonspawn Hedge Wizard on Mar 1, 2023.
             Slain by a gnoll
             ... wielding a +0 flail
              (3 damage)
             ... on level 1 of the Dungeon.
             The game lasted 00:02:30 (1621 turns).

jasper the Magician (Demonspawn Hedge Wizard)       Turns: 1621, Time: 00:02:31

Health: -1/24      AC:  3    Str: 10    XL:     3   Next: 30%
Magic:  3/8        EV: 12    Int: 17    God:
Gold:   87         SH:  0    Dex: 12    Spells: 3/10 levels left

rFire   + . .      SeeInvis .    n - +0 short sword
rCold   . . .      Faith    .    (no shield)
rNeg    . . .      Spirit   .    b - +0 robe
rPois   .          Reflect  .    c - +1 hat
rElec   .          Harm     .    (no cloak)
rCorr   .          Rampage  .    (no gloves)
Will    .....                    (no boots)
Stlth   ++                       (no amulet)
HPRegen 0.24/turn                k - ring of protection from fire
MPRegen 0.11/turn                (no ring)

@: no status effects
A: horns 1, powered by death 1
a: no special abilities


You were on level 1 of the Dungeon.
You visited 1 branch of the dungeon, and saw 2 of its levels.

You collected 87 gold pieces.

Inventory:

Hand Weapons
 a - a +0 dagger
 n - a +0 short sword (weapon)
Missiles
 m - 2 poisoned darts
Armour
 b - a +0 robe (worn)
 c - a +1 hat (worn)
 q - an orb of mayhem
Jewellery
 e - a ring of protection from fire
 k - a ring of protection from fire (left hand)
Potions
 d - 2 potions of magic
 g - a potion of attraction {unknown}
 h - a potion of curing {unknown}
 j - a potion of might {unknown}
 l - a potion of flight {unknown}


   Skills:
 - Level 1.7 Dodging
 - Level 1.7 Stealth
 + Level 4.1 Spellcasting
 - Level 1.4 Conjurations
 - Level 1.0 Summonings
 - Level 0.8 Translocations


You had 3 spell levels left.
You knew the following spells:

 Your Spells              Type           Power      Damage    Failure   Level
a - Magic Dart            Conj           32%        1d4       9%          1
b - Call Imp              Summ           6%         N/A       16%         2
c - Blink                 Tloc           12%        N/A       17%         2
d - Cigotuvi's Dreadful   Necr/Pois/Air  6%         N/A       24%         2

Your spell library contained the following spells:

 Spells                   Type           Power      Damage    Failure   Level
 Slow                     Hex            12%        N/A       16%         1
 Mephitic Cloud           Conj/Pois/Air  5%         N/A       36%         3


Dungeon Overview and Level Annotations

Branches:
Dungeon (2/15)

Altars:


Innate Abilities, Weirdness & Mutations

You have a pair of small horns on your head.
You regenerate a little health from kills.


Message History

Aim: a gnoll, wielding a +0 flail (heavily wounded, 100% to hit)
The magic dart hits the gnoll.
The gnoll is heavily wounded.
The gnoll completely misses you.
Aiming: Magic Dart (safe; 9% risk of failure)
Press: ? - help, Q - select action, (/) - cycle Shift-Dir - straight line, f/p - gnoll
Aim: a gnoll, wielding a +0 flail (heavily wounded, 100% to hit)
You miscast Magic Dart.
You are very lightly contaminated with residual magic.
Nothing appears to happen.
The gnoll closely misses you.
You now have 1/8 mp.
Aiming: Magic Dart (safe; 9% risk of failure)
Press: ? - help, Q - select action, (/) - cycle Shift-Dir - straight line, f/p - gnoll
Aim: a gnoll, wielding a +0 flail (heavily wounded, 100% to hit)
The magic dart hits the gnoll but does no damage.
The gnoll is heavily wounded.
The gnoll closely misses you.
You now have 0/8 mp.
The gnoll attacks as you move away! The gnoll barely misses you.
The gnoll attacks as you move away! The gnoll barely misses you.
There is a stone staircase leading up here.
The gnoll hits you with a +0 flail!
Ouch! That really hurt!
* * * LOW HITPOINT WARNING * * *
Your magical contamination has completely faded away.
You climb upwards.
There is a stone staircase leading down here.
You take 11 damage, and have 6/24 hp.
MASSIVE DAMAGE!!
The gnoll attacks as you move away! The gnoll barely misses you.
The gnoll attacks as you move away! The gnoll barely misses you.
The gnoll attacks as you move away! The gnoll misses you.
The gnoll attacks as you move away! The gnoll completely misses you.
The gnoll attacks as you move away! The gnoll hits you with a +0 flail!
* * * LOW HITPOINT WARNING * * *
You take 7 damage, and have 2/24 hp.
MASSIVE DAMAGE!!
The gnoll attacks as you move away! The gnoll misses you.
The gnoll attacks as you move away! The gnoll closely misses you.
The gnoll attacks as you move away! The gnoll hits you with a +0 flail.
You die...

#.# #.# ########## #.# #........#
#.## ###### ###.######.# #.#.
.....## ##.#.#.## #.# #.#.
####..#######..#.#P.###.######.#.
####.......#...#g#P..#'.....>....
#.#######.####.#@######........≈≈
#..# #....#.#.............≈≈≈≈
#..###########.#.#####......≈≈≈##
#..#.......#..b#.#.P.#####.≈≈≈≈#.
#..#.......##..#.#..## #..≈≈≈≈#.
#bb#.......#.P.#.#b.P# #.≈≈≈≈≈#.
#.b#.......#####.#...####.######.
#..#.............#..P#........)..
#..#####.#########...##...######.


You could see a gnoll.

Vanquished Creatures
  An adder (D:2)
  2 worms (D:2)
  3 dart slugs (D:1)
  2 ball pythons
  3 endoplasms
  A hobgoblin (D:1)
  2 quokkas (D:1)
  2 bats (D:1)
  2 frilled lizards (D:1)
  2 goblins (D:1)
  A kobold (D:1)
21 creatures vanquished.

Vanquished Creatures (others)
  5 plants (D:2)
5 creatures vanquished.

Grand Total: 26 creatures vanquished

Notes
Turn   | Place    | Note
-------+----------+-------------------------------------------
     0 | D:1      | jasper the Demonspawn Hedge Wizard began the quest for the
                  | Orb.
     0 | D:1      | Reached XP level 1. HP: 13/13 MP: 4/4
   319 | D:1      | Gained mutation: You regenerate a little health from kills.
                  | [demonic ancestry]
   319 | D:1      | Reached XP level 2. HP: 19/19 MP: 0/6
   482 | D:1      | Learned a level 2 spell: Call Imp
   485 | D:1      | Learned a level 2 spell: Blink
   493 | D:1      | Learned a level 2 spell: Cigotuvi's Dreadful Rot
  1478 | D:2      | Gained mutation: You have a pair of small horns on your
                  | head. [demonic ancestry]
  1478 | D:2      | Reached XP level 3. HP: 23/24 MP: 0/8
  1523 | D:2      | Reached skill level 4 in Spellcasting
  1617 | D:1      | HP: 1/24 [gnoll/+0 flail (8)]
  1621 | D:1      | Slain by a gnoll

Illustrated notes

Levels and vault maps discovered:
D:1:      tekkud_arrival_beachfront_property, layout_basic, serial_aquarium,
          aquarium_bridge_long_joined [aquarium_subvault_bridge,
          aquarium_subvault_wall, aquarium_subvault_wall,
          aquarium_subvault_balcony, aquarium_subvault_bridge,
          aquarium_subvault_bridge], aquarium_bridge_straight
          [aquarium_subvault_bridge, aquarium_subvault_wall,
          aquarium_subvault_bridge, aquarium_subvault_wall],
          aquarium_window_corridor_3, aquarium_window_2, aquarium_window_double,
          aquarium_view_2c, aquarium_view_2b, aquarium_pool_S,
          grunt_decor_junction
D:2:      layout_rooms, dreamdust_princess_bridge, nicolae_grassy_gnolls

Skill      XL: |  1  2  3 |
---------------+----------+-----
Spellcasting   | 4 |  4.1
Dodging        | |  1.7
Stealth        | |  1.7
Conjurations   | |  1.4
Summonings     | |  1.0
Translocations | |  0.8

Action                     || total
---------------------------++-------
  Melee: Dagger            ||    20
         Short sword       ||     8
   Cast: Magic Dart        ||    69
    Use: Scroll            ||     5
   Stab: Sleeping          ||     1
 Armour: Robe              ||     3
  Dodge: Dodged            ||    24

Table legend: (Time is in decaauts)
 A = Elapsed time spent in this place.
 B = Non-inter-level travel time spent in this place.
 C = Inter-level travel time spent in this place.
 D = Time resting spent in this place.
 E = Time spent auto-exploring this place.
 F = Levels seen in this place.
 G = Mean time per level.
                   A        B        C        D        E       F      G
               +--------+--------+--------+--------+--------+-----+--------+
         Total |   1620 |   1530 |     90 |    207 |   1106 |   2 |  810.0 |
       Dungeon |   1620 |   1530 |     90 |    207 |   1106 |   2 |  810.0 |
               +--------+--------+--------+--------+--------+-----+--------+

Top non-repeatable levels by time:
     D:1: 1376 daAuts
     D:2: 243 daAuts
